 Dungeon Crawl Stone Soup version 0.25-a0-86-ga6f17ae7d4 (webtiles) character file.

Game seed: 6923968527135135307, levelgen mode: deterministic

191506 Flugkiller the Gelid (level 18, -13/110 HPs)
             Began as a Deep Elf Arcane Marksman on Nov 9, 2019.
             Was the Champion of Vehumet.
             Mangled by a deep elf blademaster
             ... wielding a +0 rapier
              (21 damage)
             ... on level 3 of the Elven Halls.
             The game lasted 01:53:48 (40390 turns).

Flugkiller the Gelid (Deep Elf Arcane Marksman)    Turns: 40390, Time: 01:53:48

Health: -13/110    AC: 13    Str: 10    XL:     18   Next: 1%
Magic:  13/52      EV: 31    Int: 31    God:    Vehumet [******]
Gold:   1101       SH:  0    Dex: 27    Spells: 6/53 levels left

rFire    . . .     SeeInvis .   b - staff of cold
rCold    + + +     Gourm    .   (no shield)
rNeg     . . .     Faith    .   O - +2 robe {rC+}
rPois    .         Spirit   .   v - +3 hat of Pondering {ponderous, MR+ MP+10 Int+5}
rElec    .         Reflect  .   Q - +2 cloak {rC+}
rCorr    .         Harm     .   S - +1 pair of gloves {Str+3}
MR       +++..                  Z - +0 pair of boots {Stlth+}
Stlth    +++++.....             L - amulet of magic regeneration
HPRegen  0.28/turn              U - ring of protection from magic
MPRegen  0.58/turn              J - +6 ring of dexterity

@: agile, slow
A: no striking features
a: Renounce Religion


You were on level 3 of the Elven Halls.
You worshipped Vehumet.
Vehumet was exalted by your worship.
You were not hungry.

You visited 4 branches of the dungeon, and saw 26 of its levels.
You also visited: Gauntlet and Ice Cave.

You collected 2516 gold pieces.
You spent 1415 gold pieces at shops.

Inventory:

Hand Weapons
 a - the +5 quarterstaff "Jiebic" {crush, rElec rPois}
   (You found it in a Gauntlet)

   It inflicts extra damage upon your enemies.
   It insulates you from electricity.
   It protects you from poison.
Armour
 i - a +2 helmet of see invisible
   (You found it on level 1 of the Lair of Beasts)
 v - the +3 hat of Pondering (worn) {ponderous, MR+ MP+10 Int+5}
   (You took it off Gastronok on level 2 of the Lair of Beasts)

   It affects your intelligence (+5).
   It affects your resistance to hostile enchantments.
   It affects your magic capacity (+10).
 O - a +2 robe of cold resistance (worn)
   (You took it off a necromancer in an ice cave)
 Q - a +2 cloak of cold resistance (worn)
   (You found it in an ice cave)
 S - a +1 pair of gloves of strength (worn)
   (You found it in a Gauntlet)
 Z - a +0 pair of boots of stealth (worn)
   (You found it on level 1 of the Elven Halls)
Magical Staves
 b - an uncursed staff of cold (weapon)
   (You took it off a necromancer in an ice cave)
Jewellery
 f - an uncursed ring of see invisible
   (You found it in an ice cave)
 B - an uncursed ring of protection from cold
   (You found it on level 2 of the Elven Halls)
 J - a +6 ring of dexterity (right hand)
   (You found it on level 13 of the Dungeon)
 L - an amulet of magic regeneration (around neck)
   (You found it on level 6 of the Lair of Beasts)
 N - an uncursed ring of wizardry
   (You found it on level 6 of the Lair of Beasts)
 T - the ring of the Pharaoh's Fist {rElec rPois rCorr Slay+3}
   (You found it in a Gauntlet)

   [ring of resist corrosion]

   It affects your accuracy and damage with ranged weapons and melee attacks
   (+3).
   It insulates you from electricity.
   It protects you from poison.
   It provides partial protection from all sources of acid and corrosion.
 U - a ring of protection from magic (left hand)
   (You bought it in a shop on level 14 of the Dungeon)
Wands
 h - a wand of paralysis (10)
   (You took it off Dowan on level 5 of the Dungeon)
 m - a wand of digging (7)
   (You found it on level 8 of the Dungeon)
 t - a wand of enslavement (8)
   (You found it on level 1 of the Lair of Beasts)
 u - a wand of disintegration (26)
   (You found it on level 1 of the Lair of Beasts)
 w - a wand of flame (17)
   (You found it on level 4 of the Lair of Beasts)
 A - a wand of clouds (5)
   (You found it on level 2 of the Lair of Beasts)
 M - a wand of iceblast (23)
   (You found it in an ice cave)
Scrolls
 c - 3 scrolls of immolation
 g - a scroll of summoning
 n - 10 scrolls of teleportation
 o - 7 scrolls of remove curse
 s - 6 scrolls of magic mapping
 x - a scroll of holy word
 y - a scroll of torment {unknown}
 D - a scroll of identify
 G - a scroll of acquirement {unknown}
 I - 6 scrolls of fear
 R - 2 scrolls of amnesia
 V - 2 scrolls of fog
Potions
 j - a potion of magic
 k - 2 potions of curing
 l - 5 potions of might
 p - 2 potions of haste
 q - 4 potions of agility
 r - 2 potions of resistance
 z - a potion of brilliance
 C - 3 potions of cancellation
 E - 4 potions of flight
 F - a potion of heal wounds
 P - a potion of ambrosia
 W - a potion of invisibility
Miscellaneous
 e - 3 boxes of beasts
 H - a phantom mirror
 K - a crystal ball of energy
   (You found it in a Gauntlet)
Comestibles
 d - 24 rations
 X - 3 chunks of flesh


   Skills:
 - Level 11.2 Fighting
   Level 3.0 Bows
 - Level 13.0 Dodging
 - Level 3.7 Stealth
 - Level 18.0 Spellcasting
 + Level 10.7 Conjurations
 - Level 7.1 Hexes
 - Level 5.0 Fire Magic
 - Level 20.0 Ice Magic
 - Level 5.2 Evocations


You had 6 spell levels left.
You knew the following spells:

 Your Spells              Type           Power        Failure   Level  Hunger
a - Corona                Hex            ######.      1%          1    None
b - Slow                  Hex            ######..     1%          2    None
c - Conjure Flame         Conj/Fire      ######..     1%          3    None
d - Cause Fear            Hex            ######....   1%          4    None
e - Fireball              Conj/Fire      ######....   1%          5    None
f - Bolt of Cold          Conj/Ice       ########..   1%          6    None
g - Yara's Violent Unrav  Hex/Tmut       ######....   2%          5    None
h - Iron Shot             Conj/Erth      ######....   7%          6    None
i - Ozocubu's Refrigerat  Ice            ########..   1%          6    None
j - Orb of Destruction    Conj           #######...   4%          7    ####...
r - Blink                 Tloc           N/A          2%          2    None

Your spell library contained the following spells:

 Spells                   Type           Power        Failure   Level  Hunger
 Conjure Ball Lightning   Conj/Air       ######....   7%          6    None
 Magic Dart               Conj           ####         0%          1    None
 Flame Tongue             Conj/Fire      #####        1%          1    None
 Sandblast                Erth           ####..       1%          1    None
 Throw Flame              Conj/Fire      ######       1%          2    None
 Inner Flame              Hex/Fire       ######..     1%          3    None
 Mephitic Cloud           Conj/Pois/Air  ######..     1%          3    None
 Portal Projectile        Hex/Tloc       ######       1%          3    None
 Static Discharge         Conj/Air       ######..     1%          3    None
 Stone Arrow              Conj/Erth      ######       1%          3    None
 Summon Guardian Golem    Hex/Summ       ######..     1%          3    None
 Fulminant Prism          Conj/Hex       ######....   1%          4    None
 Ice Form                 Ice/Tmut       #######.     1%          4    None
 Sticky Flame             Conj/Fire      ######..     1%          4    None
 Lightning Bolt           Conj/Air       ######....   1%          5    None
 Metabolic Englaciation   Hex/Ice        ########..   1%          5    None
 Freezing Cloud           Conj/Ice/Air   #######...   1%          6    None
 Call Imp                 Summ           ####....     2%          2    None
 Passwall                 Tmut/Erth      ####....     2%          2    None
 Leda's Liquefaction      Hex/Erth       ######....   3%          4    None
 Simulacrum               Ice/Necr       #######...   3%          6    None
 Lee's Rapid Deconstruct  Erth           ####......   11%         5    None
 Petrify                  Tmut/Erth      ####....     14%         4    None
 Summon Forest            Summ/Tloc      ####......   36%         5    None
 Ignition                 Fire           ######....   94%         8    #####..
 Shatter                  Erth           ####......   100%        9    #######
 Tornado                  Air            ####......   100%        9    #######


Dungeon Overview and Level Annotations

Branches:
Dungeon (15/15)            Temple (0/1) D:4            Lair (6/6) D:10
 Shoals (0/4) Lair:2        Snake (0/4) Lair:3        Slime (0/5) Lair:5
    Orc (2/2) D:11            Elf (3/3) Orc:2        Vaults (0/5) D:14
 Depths (0/5) D:15          IceCv (visited)         Gauntlet (visited)

Altars:
Fedhas
Hepliaklqana
Makhleb
Okawaru
Trog
Vehumet
Wu Jian
Yredelemnul
The Shining One
Jiyva

Shops:
D:11 (   D:12 :   D:14 =   Orc:2 %*!(   Elf:2 =}=

Annotations:
D:7 4 runed translucent doors, Harold
Elf:2 5 runed translucent doors


Message History

Press: ? - help, Shift-Dir - straight line, f/p - deep elf blademaster
Aim: a deep elf blademaster, wielding two +0 rapiers and wearing a +0 scale mail (lightly wounded)
You feel a surge of power!
The bolt of cold hits the deep elf blademaster!!!
The deep elf blademaster is heavily wounded.
The bolt of cold misses the deep elf sorcerer.
The deep elf blademaster hits you with a +0 rapier!
* * * LOW HITPOINT WARNING * * *
The deep elf blademaster hits you with a +0 rapier.
* * * LOW HITPOINT WARNING * * *
The deep elf blademaster barely misses you.
The deep elf blademaster completely misses you.
Casting: Bolt of Cold (safe; 1% risk of failure)
Confirm with . or Enter, or press ? or * to list all spells.
Aiming: Bolt of Cold (safe; 1% risk of failure)
Press: ? - help, Shift-Dir - straight line, f/p - deep elf blademaster
Aim: a deep elf blademaster, wielding two +0 rapiers and wearing a +0 scale mail (heavily wounded)
You feel a surge of power!
The bolt of cold misses the deep elf blademaster.
The bolt of cold hits the deep elf sorcerer!!
The deep elf sorcerer resists.
The deep elf sorcerer is heavily wounded.
The deep elf blademaster hits you with a +0 rapier!
* * * LOW HITPOINT WARNING * * *
The deep elf blademaster hits you with a +0 rapier!
* * * LOW HITPOINT WARNING * * *
Casting: Bolt of Cold (safe; 1% risk of failure)
Confirm with . or Enter, or press ? or * to list all spells.
Aiming: Bolt of Cold (safe; 1% risk of failure)
Press: ? - help, Shift-Dir - straight line, f/p - deep elf blademaster
Aim: a deep elf blademaster, wielding two +0 rapiers and wearing a +0 scale mail (heavily wounded)
You feel a surge of power!
The bolt of cold hits the deep elf blademaster!!!
The deep elf blademaster is almost dead.
The bolt of cold misses the deep elf sorcerer.
The deep elf blademaster misses you.
The deep elf blademaster hits you with a +0 rapier!
* * * LOW HITPOINT WARNING * * *
Casting: Bolt of Cold (safe; 1% risk of failure)
Confirm with . or Enter, or press ? or * to list all spells.
Aiming: Bolt of Cold (safe; 1% risk of failure)
Press: ? - help, Shift-Dir - straight line, f/p - deep elf blademaster
Aim: a deep elf blademaster, wielding two +0 rapiers and wearing a +0 scale mail (almost dead)
You feel a surge of power!
The bolt of cold misses the deep elf blademaster.
The bolt of cold hits the deep elf sorcerer!!
The deep elf sorcerer resists.
The deep elf sorcerer is severely wounded.
The deep elf blademaster hits you with a +0 rapier!!
You die...

....###.###...°)...##
....# #.# ##..○...##
....# #.# ##....##
....# #.# ####'#
#...# #.# #.#
##.)###.########.#
.#..'...........e#
.######.########e#
..# #'# #@# ..#######
#.# #..##.8.#### #.#
#..#.....#.#####.#
#..'..<.8#.'.....#
#..#.....#.#####.#
#..##.8.##.# #.#
..#######..# #.#
..#........# #.#


You could see a deep elf blademaster and a deep elf sorcerer.

Vanquished Creatures
  Jorgrun (D:15)
  2 deep elf master archers (Elf:3)
  Kirke (D:15)
  Gastronok (Lair:2)
  3 deep elf sorcerers
  3 deep elf elementalists (Elf:3)
  2 entropy weavers (Lair:6)
  3 deep elf demonologists (Elf:3)
  6 deep elf annihilators (Elf:3)
  Azrael (D:15)
  A minotaur (Gauntlet)
  4 deep elf death magi
  A fire dragon (Lair:6)
  5 deep elf high priests
  Fannar (Orc:1)
  4 hydras
  3 ogre magi (D:15)
  6 centaur warriors
  A catoblepas (Lair:4)
  11 dancing weapons
  18 two-headed ogres
  A queen ant (Lair:6)
  A tengu warrior (D:15)
  3 orc high priests (Orc:2)
  8 deep elf knights
  A fire crab (Gauntlet)
  An unseen horror (D:14)
  9 deep elf archers
  A wizard (D:15)
  A lindwurm (Lair:6)
  5 orc knights
  57 deep elf magi
  2 necromancers
  7 orc sorcerers
  An oklob plant (Lair:2)
  4 ugly things
  2 cyclopes
  3 manticores
  11 elephants
  A merfolk siren (Lair:2)
  2 naga magi (D:15)
  A spiny frog (shapeshifter) (D:13)
  2 molten gargoyles (Lair:6)
  4 black mambas (Lair:6)
  An ice statue (IceCv)
  An efreet (D:15)
  10 spiny frogs
  7 komodo dragons
  5 rime drakes
  A hellion (Gauntlet)
  10 freezing wraiths (IceCv)
  2 kobold demonologists
  2 yaktaurs (shapeshifter)
  A tengu conjurer (D:13)
  A polar bear (Lair:3)
  3 merfolk (Lair:2)
  6 trolls
  A wolf spider simulacrum (IceCv)
  3 hornets
  12 slime creatures
  19 dream sheep
  20 blink frogs
  13 hippogriffs
  2 air elementals
  2 spriggans
  3 shadows
  A wraith (D:10)
  4 fire bats
  Eustachio (D:5)
  11 wyverns
  5 water elementals
  9 fire elementals
  4 hogs (D:15)
  A steam dragon (Lair:6)
  4 basilisks
  47 yaks
  A warg (Orc:1)
  A hungry ghost (D:12)
  3 vampire mosquitoes (D:14)
  A death yak simulacrum (IceCv)
  15 water moccasins
  6 soldier ants
  Duvessa (D:5)
  2 nagas (Lair:3)
  19 orc warriors
  5 hell hounds
  6 porcupines
  4 sky beasts
  9 ice beasts
  2 black bears
  An alligator simulacrum (IceCv)
  2 eyes of draining (D:13)
  A hornet zombie (D:15)
  11 ogres
  2 phantoms
  10 centaurs
  15 crocodiles
  A big kobold (D:8)
  13 bullfrogs
  2 wyvern zombies
  A gnoll sergeant (D:6)
  2 earth elementals
  2 scorpions
  Dowan (D:5)
  11 wights
  11 killer bees
  2 electric eels
  4 lava snakes (Lair:6)
  6 crimson imps
  4 howler monkeys
  A bullfrog zombie (D:8)
  5 draconian simulacra (IceCv)
  2 jellies
  A quasit (D:10)
  4 hounds
  12 orc priests
  A bullfrog skeleton (D:12)
  6 centaur skeletons
  2 gnoll shamans
  5 centaur zombies
  4 iguanas
  21 orc wizards
  5 troll simulacra (IceCv)
  15 worker ants
  A polar bear simulacrum (IceCv)
  A centaur simulacrum (IceCv)
  3 hound zombies
  A hound skeleton (D:5)
  A worker ant zombie (D:9)
  A howler monkey zombie (D:11)
  8 gnolls
  A river rat (D:3)
  11 adders
  5 naga simulacra (IceCv)
  4 ogre simulacra (IceCv)
  2 shadow imps
  12 white imps (IceCv)
  An ooze (D:3)
  An adder skeleton (D:5)
  2 worms
  2 dart slugs
  4 leopard geckos
  63 orcs
  7 giant cockroaches
  8 goblins
  9 hobgoblins
  6 jackals (D:6)
  12 kobolds
  3 quokkas
  A ball python (D:3)
  14 bats
  6 frilled lizards
  2 jackal skeletons
  A jackal zombie (D:5)
  11 rats
  A bush (Lair:6)
  A butterfly (D:4)
  3 fungi (Lair:2)
  4 plants
892 creatures vanquished.

Vanquished Creatures (others)
  A demonic plant (Gauntlet)
  4 fungi
  7 plants
12 creatures vanquished.

Grand Total: 904 creatures vanquished

Notes
Turn   | Place    | Note
-------+----------+-------------------------------------------
     0 | D:1      | Flugkiller the Deep Elf Arcane Marksman began the quest for
                  | the Orb.
     0 | D:1      | Reached XP level 1. HP: 11/11 MP: 5/5
    80 | D:1      | amazing, I mulched 3 arrows for a bat
    93 | D:1      | Reached skill level 1 in Fighting
   151 | D:1      | another 3 arrows for a cockroach
   151 | D:1      | I have only killed 2 enemies, btw
   221 | D:1      | Reached skill level 1 in Stealth
   610 | D:1      | Reached XP level 2. HP: 16/16 MP: 1/6
   625 | D:1      | Learned a level 2 spell: Slow
   625 | D:1      | Ok, nice. Made it to level 2.
  1769 | D:1      | Reached XP level 3. HP: 19/20 MP: 3/7
  2752 | D:2      | ok fuck this
  2752 | D:2      | I failed 4 65% slows in a row
  3035 | D:2      | Reached skill level 5 in Hexes
  3616 | D:2      | wow
  3616 | D:2      | ahhhhh
  3616 | D:2      | I switched weapons with ' instinctively and the unided
                  | runed dagger I just picked up happened to be on that slot
  3616 | D:2      | good thing it wasnt a cursed bad one
  4085 | D:2      | Reached XP level 4. HP: 23/25 MP: 4/8
  4165 | D:3      | You fall into a shaft and drop 1 floor!
  4171 | D:4      | Got a polished hunting sling
  4480 | D:3      | Identified the +4 hunting sling of Fate {freeze, rElec
                  | Stlth+} (You found it on level 4 of the Dungeon)
  4810 | D:3      | Reached XP level 5. HP: 11/30 MP: 7/11
  5408 | D:3      | Found a radiant altar of Vehumet.
  5409 | D:3      | Found a burning altar of Makhleb.
  5414 | D:3      | Became a worshipper of Vehumet
  6724 | D:4      | Reached XP level 6. HP: 37/37 MP: 4/12
  7275 | D:4      | Noticed an orc warrior
  7435 | D:4      | Killed an orc warrior
  7435 | D:4      | Reached XP level 7. HP: 40/42 MP: 11/13
  7570 | D:4      | Found a staircase to the Ecumenical Temple.
  7953 | D:5      | Entered Level 5 of the Dungeon
  8024 | D:5      | Noticed Duvessa
  8026 | D:5      | Noticed Dowan
  8618 | D:5      | Reached skill level 5 in Dodging
  8928 | D:5      | Found a basalt altar of Yredelemnul.
  8928 | D:5      | Found a hazy altar of Hepliaklqana.
  8931 | D:5      | Found an iron altar of Okawaru.
  8931 | D:5      | Found a glowing golden altar of the Shining One.
  9338 | D:5      | Paralysed by Dowan for 2 turns
  9361 | D:5      | Paralysed by Dowan for 4 turns
  9373 | D:5      | Killed Dowan
  9590 | D:5      | Learned a level 4 spell: Cause Fear
  9754 | D:5      | Killed Duvessa
  9754 | D:5      | Reached skill level 1 in Evocations
  9861 | D:6      | Reached XP level 8. HP: 42/48 MP: 16/16
 10011 | D:5      | Reached * piety under Vehumet
 10011 | D:5      | Offered knowledge of Shock by Vehumet.
 10022 | D:5      | Learned a level 1 spell: Shock
 10486 | D:6      | Reached skill level 1 in Conjurations
 10697 | D:6      | Reached skill level 5 in Spellcasting
 10853 | D:6      | Noticed Eustachio
 12281 | D:5      | Killed Eustachio
 12813 | D:7      | Noticed Harold
 12887 | D:7      | Found a huge runed translucent gate.
 12887 | D:7      | Noticed a death yak
 12888 | D:7      | Found a huge runed translucent gate.
 12888 | D:7      | Noticed a death yak
 12889 | D:7      | Found a huge runed translucent gate.
 12889 | D:7      | Noticed a polar bear
 12889 | D:7      | Noticed a polar bear
 12890 | D:7      | Noticed a death yak
 12890 | D:7      | Noticed a polar bear
 12890 | D:7      | Found a huge runed translucent gate.
 13481 | D:8      | Learned a level 3 spell: Conjure Flame
 13484 | D:8      | Learned a level 2 spell: Blink
 13530 | D:8      | Reached XP level 9. HP: 44/52 MP: 21/21
 13613 | D:8      | Reached skill level 5 in Conjurations
 14084 | D:8      | Got an ivory quarterstaff
 14085 | D:8      | Identified the +6 quarterstaff "Qomin" {crush, *Corrode
                  | +Fly rElec Str+3} (You found it on level 8 of the Dungeon)
 14107 | D:8      | Offered knowledge of Throw Flame by Vehumet.
 14464 | D:8      | Reached skill level 5 in Fighting
 14631 | D:8      | Reached ** piety under Vehumet
 15371 | D:9      | Noticed a troll
 15391 | D:9      | Killed a troll
 15391 | D:9      | Reached XP level 10. HP: 59/59 MP: 12/24
 16190 | D:10     | Entered Level 10 of the Dungeon
 16209 | D:10     | Found a staircase to the Lair.
 16323 | D:10     | Got a black opal-encrusted ring mail
 16337 | D:10     | Identified the cursed +1 ring mail of Amorality {MR+ Str+2
                  | Int+4} (You found it on level 10 of the Dungeon)
 16376 | D:10     | Reached skill level 10 in Conjurations
 16582 | D:10     | Reached skill level 10 in Spellcasting
 16742 | D:10     | Noticed a two-headed ogre
 16790 | D:10     | Offered knowledge of Searing Ray by Vehumet.
 16831 | D:10     | Killed a two-headed ogre
 17351 | D:10     | Reached *** piety under Vehumet
 17551 | D:10     | Learned a level 5 spell: Fireball
 17650 | D:9      | Reached skill level 1 in Fire Magic
 17804 | Lair:1   | Entered Level 1 of the Lair of Beasts
 17804 | Lair:1   | Noticed a spiny frog
 17820 | Lair:1   | Killed a spiny frog
 17860 | Lair:1   | Found a frozen archway.
 17862 | Lair:1   | Reached XP level 11. HP: 55/64 MP: 16/29
 17883 | IceCv    | Entered an ice cave
 17886 | IceCv    | Offered knowledge of Airstrike by Vehumet.
 18526 | IceCv    | Reached skill level 5 in Fire Magic
 18679 | IceCv    | Found an ancient bone altar of Kikubaaqudgha.
 18901 | IceCv    | Reached **** piety under Vehumet
 18918 | IceCv    | Offered knowledge of Yara's Violent Unravelling by Vehumet.
 18926 | IceCv    | Learned a level 5 spell: Yara's Violent Unravelling
 19375 | IceCv    | Noticed a necromancer
 19377 | IceCv    | Killed a necromancer
 19950 | Lair:1   | Learned a level 6 spell: Bolt of Cold
 20275 | Lair:1   | Noticed a six-headed hydra
 20294 | Lair:1   | Reached skill level 1 in Ice Magic
 20333 | Lair:1   | Killed a six-headed hydra
 20333 | Lair:1   | Reached skill level 2 in Ice Magic
 20631 | Lair:1   | Reached skill level 3 in Ice Magic
 21242 | Lair:2   | Noticed Gastronok
 21249 | Lair:2   | Reached XP level 12. HP: 70/70 MP: 17/31
 21343 | Lair:2   | Killed Gastronok
 21343 | Lair:2   | Reached skill level 4 in Ice Magic
 21343 | Lair:2   | Reached skill level 5 in Evocations
 21673 | Lair:2   | Reached skill level 5 in Ice Magic
 21676 | Lair:2   | Reached ***** piety under Vehumet
 21850 | Lair:2   | Offered knowledge of Iskenderun's Battlesphere by Vehumet.
 22125 | Lair:2   | Reached skill level 6 in Ice Magic
 22327 | Lair:2   | Found a staircase to the Shoals.
 22607 | Lair:2   | Reached skill level 7 in Ice Magic
 22647 | Lair:2   | Found a blossoming altar of Fedhas.
 22752 | Lair:2   | Reached skill level 15 in Spellcasting
 23045 | Lair:3   | Found a staircase to the Snake Pit.
 23057 | Lair:3   | Reached skill level 8 in Ice Magic
 23254 | Lair:3   | Reached skill level 9 in Ice Magic
 23873 | Lair:3   | Reached skill level 10 in Ice Magic
 24061 | Lair:4   | Reached XP level 13. HP: 74/74 MP: 33/34
 24180 | Lair:4   | Found an ornate altar of the Wu Jian Council.
 24224 | Lair:4   | Reached skill level 11 in Ice Magic
 24232 | Lair:4   | Offered knowledge of Bolt of Fire by Vehumet.
 24745 | Lair:4   | Reached skill level 12 in Ice Magic
 25193 | Lair:5   | Reached skill level 13 in Ice Magic
 25523 | Lair:5   | Found a staircase to the Slime Pits.
 25523 | Lair:5   | Found a viscous altar of Jiyva.
 26050 | Lair:6   | Entered Level 6 of the Lair of Beasts
 26108 | Lair:6   | Reached skill level 14 in Ice Magic
 26673 | Lair:6   | Offered knowledge of Iron Shot by Vehumet.
 26858 | Lair:6   | Reached XP level 14. HP: 28/80 MP: 26/35
 27095 | Lair:6   | Reached skill level 15 in Ice Magic
 27651 | Lair:6   | Found a large runed translucent door.
 27651 | Lair:6   | Found a large runed translucent door.
 27792 | Lair:6   | Reached skill level 10 in Dodging
 28009 | Lair:6   | Noticed an entropy weaver
 28010 | Lair:6   | Noticed an entropy weaver
 28012 | Lair:6   | Killed an entropy weaver
 28016 | Lair:6   | Killed an entropy weaver
 29173 | Lair:6   | Learned a level 6 spell: Iron Shot
 29394 | D:11     | Found Tiryah's Weapon Shoppe.
 29394 | D:11     | Found a staircase to the Orcish Mines.
 30177 | D:11     | Learned a level 6 spell: Ozocubu's Refrigeration
 30218 | D:12     | Found a gate leading to a gauntlet.
 30224 | Gauntlet | Entered a Gauntlet
 30224 | Gauntlet | Found a transporter.
 30233 | Gauntlet | Found a transporter.
 30242 | Gauntlet | Found a transporter.
 30244 | Gauntlet | Found a transporter.
 30254 | Gauntlet | Found a transporter.
 30269 | Gauntlet | Found a transporter.
 30276 | Gauntlet | Found a transporter.
 30289 | Gauntlet | Found a transporter.
 30294 | Gauntlet | Found a transporter.
 30294 | Gauntlet | Found a transporter.
 30296 | Gauntlet | Found a transporter.
 30327 | Gauntlet | Found a transporter.
 30384 | Gauntlet | Found a transporter.
 30396 | Gauntlet | Found a transporter.
 30481 | Gauntlet | Got an encrusted quarterstaff
 30562 | Gauntlet | Got a glittering steel ring
 30566 | Gauntlet | Identified the ring of the Pharaoh's Fist {rElec rPois
                  | rCorr Slay+3} (You found it in a Gauntlet)
 30623 | Gauntlet | Identified the +8 shortbow of Youthful Indiscretion
                  | {velocity, rF+ Str-5 Int+4 Stlth+}
 30626 | Gauntlet | Reached XP level 15. HP: 41/84 MP: 38/38
 30734 | D:12     | Identified the +5 quarterstaff "Jiebic" {crush, rElec
                  | rPois} (You found it in a Gauntlet)
 31019 | D:12     | Found Miesir's Book Boutique.
 31026 | D:12     | Bought a book of the Tempests for 980 gold pieces
 32234 | D:14     | Found Qisyis's Jewellery Shop.
 32240 | D:14     | Bought an uncursed ring of protection from magic for 300
                  | gold pieces
 33022 | D:14     | Found a gate to the Vaults.
 33294 | D:15     | Entered Level 15 of the Dungeon
 33306 | D:15     | Noticed Jorgrun
 33312 | D:15     | Killed Jorgrun
 33376 | D:15     | Reached XP level 16. HP: 92/92 MP: 16/40
 33477 | D:15     | Noticed Kirke
 33480 | D:15     | Killed Kirke
 33588 | D:15     | Noticed Azrael
 33599 | D:15     | Killed Azrael
 33993 | D:15     | Reached skill level 16 in Ice Magic
 34332 | D:15     | Reached ****** piety under Vehumet
 34627 | D:15     | Found a staircase to the Depths.
 34809 | Orc:1    | Entered Level 1 of the Orcish Mines
 34832 | Orc:1    | Offered knowledge of Poison Arrow by Vehumet.
 34958 | Orc:1    | Found a bloodstained altar of Trog.
 34959 | Orc:1    | Noticed Fannar
 34985 | Orc:1    | Killed Fannar
 35274 | Orc:2    | Entered Level 2 of the Orcish Mines
 35389 | Orc:2    | Found a staircase to the Elven Halls.
 35687 | Orc:2    | Reached skill level 17 in Ice Magic
 35691 | Orc:2    | Found Kimnal's Weapon Boutique.
 35691 | Orc:2    | Found Vaarodu's Distillery.
 35699 | Orc:2    | Found Behut's General Store.
 35699 | Orc:2    | Found Ucait's Food Shoppe.
 35710 | Orc:2    | Bought a potion of heal wounds for 60 gold pieces
 35713 | Orc:2    | Bought a scroll of teleportation for 45 gold pieces
 35713 | Orc:2    | Bought a scroll of fog for 30 gold pieces
 36060 | Elf:1    | Entered Level 1 of the Elven Halls
 36072 | Elf:1    | Offered knowledge of Orb of Destruction by Vehumet.
 36120 | Elf:1    | Learned a level 7 spell: Orb of Destruction
 36569 | Elf:1    | Reached skill level 10 in Fighting
 36728 | Elf:1    | Reached XP level 17. HP: 78/102 MP: 41/41
 36772 | Elf:1    | Got a jewelled chain mail
 36778 | Elf:1    | Identified the Reference Book on Attacks and Calling
 37382 | Elf:2    | Reached skill level 18 in Ice Magic
 37941 | Elf:2    | Found a huge runed translucent gate.
 37941 | Elf:2    | Found a huge runed translucent gate.
 37947 | Elf:2    | Found a huge runed translucent gate.
 37947 | Elf:2    | Found a huge runed translucent gate.
 37947 | Elf:2    | Found a huge runed translucent gate.
 38012 | Elf:2    | Offered knowledge of Conjure Ball Lightning by Vehumet.
 38266 | Elf:2    | Found Doin's Jewellery Boutique.
 38266 | Elf:2    | Found Ifitil's Gadget Emporium.
 38269 | Elf:2    | Found Rewk's Jewellery Boutique.
 38486 | Elf:3    | Entered Level 3 of the Elven Halls
 38616 | Elf:3    | Reached skill level 19 in Ice Magic
 39092 | Elf:3    | Noticed a deep elf master archer
 39098 | Elf:3    | Killed a deep elf master archer
 39490 | Elf:3    | Noticed a deep elf master archer
 39493 | Elf:3    | Reached skill level 20 in Ice Magic
 39493 | Elf:3    | Killed a deep elf master archer
 39496 | Elf:3    | Noticed a Tzitzimitl
 40347 | Elf:3    | Identified the +7 scimitar of the Wolf {vamp, rElec MP+9
                  | Dex-4 SInv}
 40352 | Elf:3    | Reached XP level 18. HP: 110/110 MP: 28/42
 40381 | Elf:3    | Identified the +1 broad axe "Suraf" {vamp, Int+4 Dex+6}
 40390 | Elf:3    | Mangled by a deep elf blademaster

Levels and vault maps discovered:
D:1:      saegor_arrival_simple_c, layout_basic, hangedman_decor_points
D:2:      layout_rooms, grunt_ministairs_13
D:3:      layout_basic, grunt_temple_overflow_lords_of_destruction,
          portal_sewer_entry_e, first_ration,
          hangedman_abyss_or_decor_lesser_grid, corexii_shack,
          hangedman_decor_growths, kennysheep_small_spiral,
          lemuel_another_geyser
D:4:      layout_loops_ring, minmay_temple_entry_butterflies
D:5:      layout_loops_ring, chequers_temple_overflow_statue_of_worship,
          uniq_duvessa
D:6:      layout_gridville, minmay_circle_x, uniq_eustachio
D:7:      lemuel_bear_cage, layout_gridville, chequers_arboretum, uniq_harold,
          uniq_menkaure
D:8:      layout_cave_pools, water_maze_lemuel
D:9:      minmay_tri_box, layout_irregular_city
D:10:     layout_stronghold, lair_entry_dummy
D:11:     layout_loops_cross, orc_david_3
D:12:     layout_rooms, gauntlet_entry_generic, serial_shops, shop
D:13:     layout_stronghold, grunt_tengu_nest
D:14:     layout_loops_corners, david_vaults_4, serial_shops, shop
D:15:     grunt_enter_depths_magical_seal, layout_loops_ring,
          minmay_misc_feat_encased, serial_park_tiny_pond, uniq_azrael,
          uniq_kirke, uniq_jorgrun
Lair:1:   layout_regular_city, portal_ice_cave_rime
Lair:2:   wad_woods_tower, layout_chaotic_city, elwin_shoals_entry_stream,
          minmay_stone_trees_small, chequers_serial_rivers_small_3, tgw_fedhas,
          serial_bayou_shore_a, uniq_gastronok
Lair:3:   layout_regular_city, guppyfry_snake_entry_island, grunt_megastairs_5
Lair:4:   layout_big_grid, basic_altar, beast_lair_carwin_3
Lair:5:   layout_small_grid, slime_altar_1, infiniplex_staircase_pool_2,
          grunt_megastairs_1
Lair:6:   cheibrodos_lair_end_hotspot, layout_gridlike, wad_woods_antlair
Orc:1:    layout_caves, trog_butcher_becter, uniq_fannar
Orc:2:    grunt_orc_tribal_feast, layout_caves, minmay_orc_keep
Elf:1:    eino_elf_arrival_the_gate, layout_geoelf_diagonals, minmay_elf_sorcery
Elf:2:    layout_loops_cross, st_stairs_7, grunt_megastairs_4, minmay_shop_grove
Elf:3:    minmay_elf_hall_quartered_circle, layout_gridlike, grunt_ministairs_3,
          serial_sigils_hangedman_quiver, grunt_megastairs_2

Skill      XL: |  1  2  3  4  5  6  7  8  9 10 11 12 13 14 15 16 17 |
---------------+----------------------------------------------------+-----
Fighting       | 1 2 3 4 5 6 7 10 11 | 11.2
Stealth        | 1 2 3 |  3.7
Bows           | 3 |  3.0
Hexes          | 5 6 7 |  7.1
Spellcasting   | 2 3 4 7 8 12 13 15 17 18 | 18.0
Dodging        | 4 5 6 9 11 12 13 | 13.0
Evocations     | 2 3 4 5 |  5.2
Conjurations   | 4 9 10 | 10.7
Fire Magic     | 2 5 |  5.0
Ice Magic      | 3 10 14 15 17 20 | 20.0

Action                   |  1- 3 |  4- 6 |  7- 9 | 10-12 | 13-15 | 16-18 || total
-------------------------+-------+-------+-------+-------+-------+-------++-------
Melee: Unarmed           |     2 |       |       |       |       |       ||     2
       Dagger            |   159 |   170 |    88 |       |       |       ||   417
       Club              |     6 |       |       |       |       |       ||     6
       Short sword       |       |       |   123 |       |       |       ||   123
       Rapier            |       |       |   153 |       |       |       ||   153
       Quarterstaff      |       |       |    54 |   170 |    12 |     6 ||   242
       Staff             |       |       |       |     1 |       |     1 ||     2
 Fire: Shortbow          |    49 |     4 |   103 |       |       |       ||   156
       Hunting sling     |       |    83 |   115 |    18 |       |       ||   216
Throw: Dart              |    11 |    11 |     5 |       |       |       ||    27
       Javelin           |     8 |    17 |     9 |       |       |       ||    34
 Cast: Corona            |    26 |    34 |    29 |    27 |     1 |     2 ||   119
       Slow              |    40 |    45 |    57 |    32 |     4 |       ||   178
       Cause Fear        |       |       |     5 |     6 |       |       ||    11
       Shock             |       |       |    33 |    98 |       |       ||   131
       Conjure Flame     |       |       |    12 |    22 |       |       ||    34
       Blink             |       |       |     3 |    12 |     6 |     1 ||    22
       Fireball          |       |       |       |   158 |    40 |    43 ||   241
       Bolt of Cold      |       |       |       |    31 |   268 |   240 ||   539
       Yara's Violent Un |       |       |       |     1 |       |     8 ||     9
       Iron Shot         |       |       |       |       |    35 |    23 ||    58
       Ozocubu's Refrige |       |       |       |       |     2 |    36 ||    38
       Orb of Destructio |       |       |       |       |       |    16 ||    16
Evoke: Wand              |       |       |       |     6 |     4 |       ||    10
  Use: Potion            |     2 |     1 |     2 |       |     7 |     4 ||    16
       Scroll            |     4 |     4 |     7 |     8 |    15 |     3 ||    41
 Stab: Sleeping          |     2 |     1 |    12 |     1 |       |       ||    16
       Distracted        |       |       |     1 |       |       |       ||     1
       Paralysed         |       |       |       |     6 |       |       ||     6
  Eat: Chunk             |    13 |    10 |    20 |    26 |    47 |    22 ||   138
       Ration            |       |     1 |     2 |     5 |     3 |     2 ||    13
Armor: Robe              |    55 |    21 |    35 |    10 |    21 |     6 ||   148
       Ring mail         |       |       |       |    32 |       |       ||    32
       Troll leather arm |       |       |       |    15 |       |       ||    15
Dodge: Dodged            |   187 |   122 |   267 |   142 |    76 |    47 ||   841
Block: Other             |       |       |    68 |    41 |    14 |       ||   123
       Reflection        |       |       |     1 |     1 |       |       ||     2

Table legend:
 A = Non-vault XP
 B = Vault XP
 C = Vault XP percentage of total XP
 D = Non-vault monster count
 E = Vault monster count
 F = Vault count percentage of total count
                 A         B        C        D         E       F
            +---------+---------+-------+---------+---------+-------
      Total |  130206 |  116604 |  47.2 |     590 |     293 |  33.2
            +---------+---------+-------+---------+---------+-------
        D:1 |      62 |       1 |   1.6 |      29 |       1 |   3.3
        D:2 |      33 |       2 |   5.7 |      13 |       1 |   7.1
        D:3 |     113 |      78 |  40.8 |      24 |      10 |  29.4
        D:4 |     511 |       0 |   0.0 |      22 |       0 |   0.0
        D:5 |     401 |     469 |  53.9 |      11 |       4 |  26.7
        D:6 |     463 |     237 |  33.9 |      16 |       3 |  15.8
        D:7 |     427 |       0 |   0.0 |      12 |       0 |   0.0
        D:8 |     937 |       0 |   0.0 |      21 |       0 |   0.0
        D:9 |    2696 |    1218 |  31.1 |      28 |       5 |  15.2
       D:10 |    2624 |       0 |   0.0 |      21 |       0 |   0.0
       D:11 |    2357 |     781 |  24.9 |      25 |       5 |  16.7
       D:12 |    2249 |       0 |   0.0 |      15 |       0 |   0.0
       D:13 |    6386 |     322 |   4.8 |      22 |       1 |   4.3
       D:14 |    6733 |    2734 |  28.9 |      22 |       5 |  18.5
       D:15 |   22671 |   15793 |  41.1 |      41 |      22 |  34.9
     Lair:1 |    3228 |     978 |  23.3 |      13 |       3 |  18.8
     Lair:2 |    5231 |    5564 |  51.5 |      28 |      11 |  28.2
     Lair:3 |    5545 |     304 |   5.2 |      24 |       2 |   7.7
     Lair:4 |    6724 |    2888 |  30.0 |      23 |       9 |  28.1
     Lair:5 |    6265 |    2285 |  26.7 |      21 |       9 |  30.0
     Lair:6 |    9382 |   12942 |  58.0 |      34 |      43 |  55.8
      Orc:1 |    2534 |    1282 |  33.6 |      44 |       5 |  10.2
      Orc:2 |    1351 |    7606 |  84.9 |      12 |      39 |  76.5
      Elf:1 |   20260 |   10014 |  33.1 |      35 |      16 |  31.4
      Elf:2 |   13649 |   10687 |  43.9 |      22 |      16 |  42.1
      Elf:3 |    7374 |   31113 |  80.8 |      12 |      24 |  66.7
      IceCv |       0 |    6573 | 100.0 |       0 |      54 | 100.0
   Gauntlet |       0 |    2733 | 100.0 |       0 |       5 | 100.0
            +---------+---------+-------+---------+---------+-------
